 Dungeon Crawl Stone Soup version 0.25-a0-44-g29a1220a87 (webtiles) character file.

Game seed: 17910699553809601342, levelgen mode: deterministic

626 iamserjio the Skirmisher (level 7, -8/59 HPs)
             Began as a Mummy Monk on Oct 24, 2019.
             Was a Follower of Ru.
             Mangled by an ogre
             ... wielding a +0 giant club
              (20 damage)
             ... on level 6 of the Dungeon.
             The game lasted 00:09:41 (6871 turns).

iamserjio the Skirmisher (Mummy Monk)               Turns: 6871, Time: 00:09:42

Health: -8/59      AC:  7    Str: 16    XL:     7   Next: 23%
Magic:  0/7        EV: 10    Int: 12    God:    Ru [*.....]
Gold:   298        SH:  0    Dex: 14    Spells: 6/6 levels left

rFire    x . .     SeeInvis .   a - +0 spear
rCold    + . .     Gourm    .   (no shield)
rNeg     + + +     Faith    .   q - +0 scale mail
rPois    ∞         Spirit   .   (no helmet)
rElec    .         Reflect  .   i - +0 cloak
rCorr    .         Harm     .   (no gloves)
MR       .....                  (no boots)
Stlth    ..........             (no amulet)
HPRegen  0.19/turn              m - +2 ring of intelligence
MPRegen  0.10/turn              (no ring)

@: no status effects
A: no food or potions, fire vulnerability, cold resistance 1, negative energy
resistance 3, torment resistance, unbreathing, no air magic, no necromancy
magic, no summoning magic
a: Renounce Religion


You were on level 6 of the Dungeon.
You worshipped Ru.
Ru was aware of your devotion.
You were not hungry.

You visited 2 branches of the dungeon, and saw 7 of its levels.

You collected 298 gold pieces.

Inventory:

Hand Weapons
 a - a +0 spear (weapon)
 g - a +1 vampiric short sword
 j - a +0 war axe
 l - a +0 hunting sling
Missiles
 c - 45 stones (quivered)
Armour
 b - a +0 robe
 i - a +0 cloak (worn)
 n - a +0 leather armour
 o - a +0 plate armour
 q - a +0 scale mail (worn)
Jewellery
 m - a +2 ring of intelligence (left hand)
 r - a +2 ring of strength {unknown}
Scrolls
 d - a scroll of fear {unknown}
 e - 4 scrolls of remove curse {@r2}
 f - 7 scrolls of identify {unknown}
 h - 2 scrolls of teleportation {@r3}
 k - a scroll of blinking {unknown}
 p - a scroll of enchant weapon {unknown}
 s - a scroll of immolation {unknown}


   Skills:
 + Level 6.5 Fighting
 - Level 4.0 Polearms
 + Level 2.7 Armour
 - Level 2.4 Dodging
 - Level 1.5 Stealth


You had 6 spell levels left.
You didn't know any spells.
Your spell library contained the following spells:

 Spells                   Type           Power        Failure   Level  Hunger
 Animate Skeleton         Necr           Unusable     N/A         1    N/A
 Pain                     Necr           Unusable     N/A         1    N/A
 Regeneration             Chrm/Necr      Unusable     N/A         3    N/A
 Vampiric Draining        Necr           Unusable     N/A         3    N/A
 Animate Dead             Necr           Unusable     N/A         4    N/A

Dungeon Overview and Level Annotations

Branches:
Dungeon (6/15)             Temple (1/1) D:5

Altars:
Hepliaklqana
Makhleb
Ru
Trog
Xom

Shops:
D:5 =

Annotations:
D:5 Blork the orc


Innate Abilities, Weirdness & Mutations

You do not eat or drink.
Your flesh is vulnerable to fire.
You are immune to poison.
Your flesh is cold resistant. (rC+)
You are immune to negative energy. (rN+++)
You are immune to unholy pain and torment.
You can survive without breathing.
You cannot study or cast Air magic.
You cannot study or cast Necromancy magic.
You cannot study or cast Summoning magic.


Message History

You hit the ogre. The ogre misses you.
You hit the ogre.
The ogre hits you with a +0 giant club!!
You are too injured to fight recklessly!
You are too injured to fight recklessly!
You hit the ogre. You hit the ogre. The ogre hits you with a +0 giant club!
The eye of draining gazes at you.
You feel your power leaking away.
You see here an adder corpse.
Attack whom?
Aim: an ogre, wielding a +0 giant club (severely wounded)
You hit the ogre but do no damage. The ogre hits you with a +0 giant club!
* * * LOW HITPOINT WARNING * * *
Attack whom?
Aim: an ogre, wielding a +0 giant club (severely wounded)
You hit the ogre.
You redirect the eye of draining's attack!
The ogre hits you with a +0 giant club!!
You die...

#.........######....##
#######..............###
###......###........
#..............#....
#.....#.#.####.# ..
#.....#.#†# .#
#.....#.#G# #
#.....#.#O####.#.
.......#.#@.......
..#####.#†<....#### ..
.=#.###...... ### ..####
..# .# .#


You could see an eye of draining and an ogre.

Vanquished Creatures
  A crimson imp (D:5)
  A bullfrog zombie (D:5)
  An orc priest (D:5)
  2 hounds
  3 orc wizards
  3 worker ants
  Natasha (twice) (D:3)
  A hound skeleton (D:5)
  11 adders
  A shadow imp (D:5)
  An adder zombie (D:5)
  3 adder skeletons
  A worm (D:3)
  3 dart slugs
  4 leopard geckos
  11 orcs
  2 bats (D:1)
  3 giant cockroaches
  17 goblins
  18 hobgoblins
  3 jackals
  2 quokkas (D:3)
  A ball python (D:1)
  6 frilled lizards
  11 kobolds
  13 rats
125 creatures vanquished.

Notes
Turn   | Place    | Note
-------+----------+-------------------------------------------
     0 | D:1      | iamserjio the Mummy Monk began the quest for the Orb.
     0 | D:1      | Reached XP level 1. HP: 18/18 MP: 1/1
   325 | D:1      | Reached XP level 2. HP: 15/24 MP: 2/2
   781 | D:1      | You fall into a shaft and drop 1 floor!
   982 | D:1      | Reached XP level 3. HP: 13/29 MP: 3/3
  2011 | D:2      | Reached XP level 4. HP: 37/37 MP: 4/4
  2516 | D:3      | Noticed Natasha
  2561 | D:3      | Killed Natasha
  2566 | D:3      | Reached skill level 4 in Fighting
  2883 | D:3      | Reached XP level 5. HP: 42/42 MP: 5/5
  2945 | D:3      | Found a white marble altar of Elyvilon.
  3108 | D:3      | Found a burning altar of Makhleb.
  3108 | D:3      | Found a hazy altar of Hepliaklqana.
  3110 | D:3      | Found a glowing silver altar of Zin.
  3110 | D:3      | Found a bloodstained altar of Trog.
  3110 | D:3      | Found a shimmering altar of Xom.
  3295 | D:3      | Found a sacrificial altar of Ru.
  3319 | D:3      | Reached skill level 5 in Fighting
  3332 | D:3      | Became a worshipper of Ru the Awakened
  3338 | D:3      | Gained mutation: You cannot study or cast Air magic. [Ru
                  | sacrifice]
  3338 | D:3      | Gained mutation: You cannot study or cast Necromancy magic.
                  | [Ru sacrifice]
  3338 | D:3      | Gained mutation: You cannot study or cast Summoning magic.
                  | [Ru sacrifice]
  3338 | D:3      | Reached * piety under Ru
  3469 | D:3      | Noticed Natasha
  3482 | D:3      | Killed Natasha
  4248 | D:4      | Reached XP level 6. HP: 31/51 MP: 6/6
  4282 | D:4      | Reached skill level 1 in Armour
  4558 | D:5      | Entered Level 5 of the Dungeon
  4821 | D:5      | Noticed Blork the orc
  5433 | D:5      | Reached skill level 6 in Fighting
  5805 | D:5      | Reached XP level 7. HP: 54/58 MP: 7/7
  5829 | D:5      | Found Zaim's Jewellery Shop.
  5995 | D:5      | Found a staircase to the Ecumenical Temple.
  6633 | Temple   | Entered the Ecumenical Temple
  6871 | D:6      | Mangled by an ogre

Levels and vault maps discovered:
D:1:      dpeg_arrival_rooms_a, layout_basic, minmay_three_crescents
D:2:      layout_rooms
D:3:      layout_basic, doesnt_xom_only_xom, first_ration,
          nicolae_ru_great_annihilating_truth, uniq_natasha
D:4:      layout_basic
D:5:      layout_basic, minmay_temple_entry_statues_fountains, serial_shops,
          nicolae_shop_statue_plus, uniq_blork_the_orc
D:6:      layout_basic, old_standard_altar, kiku_gazebo_pond_becter,
          nicolae_overflow_crystal_walls, serial_shops, shop
Temple:   dpeg_five_rooms_temple

Skill      XL: |  1  2  3  4  5  6 |
---------------+-------------------+-----
Polearms       | 3 4 |  4.0
Fighting       | 4 5 6 |  6.5
Armour         | 2 |  2.7
Dodging        | |  2.4
Stealth        | |  1.5

Action                   |  1- 3 |  4- 6 |  7- 9 || total
-------------------------+-------+-------+-------++-------
Melee: Spear             |   174 |   461 |   188 ||   823
Invok: Sacrifice Arcana  |       |     1 |       ||     1
  Use: Scroll            |       |       |     2 ||     2
 Stab: Sleeping          |     5 |     6 |       ||    11
       Distracted        |     1 |       |       ||     1
       Invisible         |       |     1 |       ||     1
Armor: Robe              |    19 |     2 |       ||    21
       Leather armour    |       |    38 |       ||    38
       Scale mail        |       |    79 |    53 ||   132
Dodge: Dodged            |    87 |   169 |    76 ||   332

Table legend:
 A = Non-vault XP
 B = Vault XP
 C = Vault XP percentage of total XP
 D = Non-vault monster count
 E = Vault monster count
 F = Vault count percentage of total count
                 A         B        C        D         E       F
            +---------+---------+-------+---------+---------+-------
      Total |     808 |      87 |   9.7 |     114 |      11 |   8.8
            +---------+---------+-------+---------+---------+-------
        D:1 |      48 |       9 |  15.8 |      20 |       6 |  23.1
        D:2 |      61 |       0 |   0.0 |      28 |       0 |   0.0
        D:3 |     161 |      78 |  32.6 |      31 |       5 |  13.9
        D:4 |     109 |       0 |   0.0 |      10 |       0 |   0.0
        D:5 |     368 |       0 |   0.0 |      20 |       0 |   0.0
        D:6 |      61 |       0 |   0.0 |       5 |       0 |   0.0
            +---------+---------+-------+---------+---------+-------
